MID
DELMARVA SHOREBIRDS @ GREENVILLE DRIVE
10/02/2048
 
TOP OF THE 1ST
Delmarva Shorebirds batting - Pitching for Greenville Drive : RHP Cody Humphries
Pitching: RHP Cody Humphries
Batting: RHB Josh Hopp 0-0: Ball
1-0: SINGLE (Flyball, 5D, EV 93.8 MPH)
Batting: RHB Maup Gommers 0-0: Swinging Strike
0-1: Ball
1-1: Ball
Passed Ball!
Josh Hopp to second
2-1: Ground out 5-3 (Groundball, 5, EV 83.8 MPH)
Batting: RHB Daniel Jackson 0-0: Called Strike
Josh Hopp is caught stealing 3rd base 2-5
0-1: Ball
1-1: Called Strike
1-2: Ball
2-2: Ground out 5-3 (Groundball, 56S, EV 85.0 MPH)
Top of the 1st over - 0 runs, 1 hit, 0 errors, 0 left on base; Delmarva 0 - Greenville 0
BOTTOM OF THE 1ST
Greenville Drive batting - Pitching for Delmarva Shorebirds : RHP Jonathan Spicer
Pitching: RHP Jonathan Spicer
Batting: RHB Tony Nunez 0-0: Foul Ball, location: 2F
0-1: Ball
1-1: Ball
2-1: Swinging Strike
2-2: Ball
3-2: Ground out 5-3 (Groundball, 56, EV 86.9 MPH)
Batting: RHB Jim Hubbard 0-0: Ground out 4-3 (Groundball, 34, EV 108.1 MPH)
Batting: LHB Carlos Guerra 0-0: Ball
1-0: Foul Ball, location: 2F
1-1: Fly out, F7 (Flyball, 7, EV 91.2 MPH)
Bottom of the 1st over - 0 runs, 0 hits, 0 errors, 0 left on base; Delmarva 0 - Greenville 0
TOP OF THE 2ND
Delmarva Shorebirds batting - Pitching for Greenville Drive : RHP Cody Humphries
Batting: RHB Ken Manser 0-0: Called Strike
0-1: Called Strike
0-2: Strikes out swinging, 2-3 out at first.
Batting: RHB Luke Vaccarino 0-0: Ball
1-0: Ball
2-0: SINGLE (Groundball, 34D, EV 96.2 MPH)
Batting: RHB Ethan Finke 0-0: Called Strike
0-1: Foul Ball, location: 2F
0-2: Ball
1-2: Ball
2-2: Strikes out swinging
Batting: RHB Wes Reynolds 0-0: Hit by Pitch
Luke Vaccarino to second
Batting: RHB Mike Pitts 0-0: Ball
1-0: Swinging Strike
1-1: Ball
2-1: Called Strike
2-2: Ball
3-2: Strikes out swinging
Top of the 2nd over - 0 runs, 1 hit, 0 errors, 2 left on base; Delmarva 0 - Greenville 0
BOTTOM OF THE 2ND
Greenville Drive batting - Pitching for Delmarva Shorebirds : RHP Jonathan Spicer
Batting: LHB Danny Montoya 0-0: Called Strike
0-1: Foul Ball, location: 2F
0-2: Ball
1-2: Ball
2-2: Foul Ball, location: 2F
2-2: Ball
3-2: Foul Ball, location: 2F
3-2: Fly out, F9 (Flyball, 89M, EV 88.8 MPH)
Batting: SHB Robert Soto 0-0: Called Strike
0-1: Ball
1-1: Called Strike
1-2: Strikes out swinging
Batting: RHB Alex Cardenas 0-0: DOUBLE (Line Drive, 7LS, EV 108.1 MPH)
Batting: LHB John Buff 0-0: Ball
1-0: Ball
2-0: Ball
3-0: Base on Balls
Batting: RHB Ted Emmerich 0-0: Ball
1-0: SINGLE (Groundball, 34D, EV 103.1 MPH) (infield hit)
Alex Cardenas to third
John Buff to second
Batting: RHB Roger Mitchell 0-0: Ball
1-0: Swinging Strike
1-1: Ball
2-1: Foul Ball, location: 2F
2-2: Strikes out looking
Bottom of the 2nd over - 0 runs, 2 hits, 0 errors, 3 left on base; Delmarva 0 - Greenville 0
TOP OF THE 3RD
Delmarva Shorebirds batting - Pitching for Greenville Drive : RHP Cody Humphries
Batting: RHB Tony Godley 0-0: Ball
1-0: Foul Ball, location: 2F
1-1: Ball
2-1: Ground out 6-3 (Groundball, 56, EV 83.1 MPH)
Batting: RHB Josh Hopp 0-0: Called Strike
0-1: Swinging Strike
0-2: Ball
1-2: Foul Ball, location: 2F
1-2: Ball
2-2: Strikes out swinging
Batting: RHB Maup Gommers 0-0: Ball
1-0: Ball
2-0: Called Strike
2-1: Swinging Strike
2-2: Ball
3-2: Base on Balls
Batting: RHB Daniel Jackson 0-0: Called Strike
0-1: Foul Ball, location: 2F
0-2: Strikes out swinging
Top of the 3rd over - 0 runs, 0 hits, 0 errors, 1 left on base; Delmarva 0 - Greenville 0
BOTTOM OF THE 3RD
Greenville Drive batting - Pitching for Delmarva Shorebirds : RHP Jonathan Spicer
Batting: RHB Tony Nunez 0-0: Ball
1-0: Called Strike
1-1: Ball
2-1: Fly out, F8 (Line Drive, 8LD, EV 93.8 MPH)
Batting: RHB Jim Hubbard 0-0: Foul Ball, location: 2F
0-1: Ball
1-1: Swinging Strike
1-2: Ball
2-2: Foul Ball, location: 2F
2-2: Strikes out swinging
Batting: LHB Carlos Guerra 0-0: Fly out, F9 (Flyball, 9LSF, EV 82.5 MPH)
Bottom of the 3rd over - 0 runs, 0 hits, 0 errors, 0 left on base; Delmarva 0 - Greenville 0
TOP OF THE 4TH
Delmarva Shorebirds batting - Pitching for Greenville Drive : RHP Cody Humphries
Batting: RHB Ken Manser 0-0: Swinging Strike
0-1: Ball
1-1: Swinging Strike
1-2: Foul Ball, location: 2F
1-2: Ball
2-2: Ball
3-2: Strikes out looking
Batting: RHB Luke Vaccarino 0-0: Called Strike
0-1: Swinging Strike
0-2: Strikes out looking
Batting: RHB Ethan Finke 0-0: Foul Ball, location: 2F
0-1: Ball
1-1: Ball
2-1: Swinging Strike
2-2: Foul Ball, location: 2F
2-2: Strikes out swinging
Top of the 4th over - 0 runs, 0 hits, 0 errors, 0 left on base; Delmarva 0 - Greenville 0
BOTTOM OF THE 4TH
Greenville Drive batting - Pitching for Delmarva Shorebirds : RHP Jonathan Spicer
Batting: LHB Danny Montoya 0-0: Ball
1-0: Foul Ball, location: 2F
1-1: Called Strike
1-2: SINGLE (Groundball, 4MS, EV 71.2 MPH) (infield hit)
Batting: SHB Robert Soto 0-0: Called Strike
0-1: Foul Ball, location: 2F
0-2: DOUBLE (Line Drive, 78XD, EV 106.2 MPH)
Danny Montoya to third
Batting: RHB Alex Cardenas 0-0: Ball
1-0: Ball
2-0: Foul Ball, location: 2F
2-1: Swinging Strike
2-2: Foul Ball, location: 2F
2-2: Fly out, F9 (Flyball, 9S, EV 96.2 MPH)
Batting: LHB John Buff 0-0: Called Strike
0-1: Called Strike
0-2: Strikes out swinging
Batting: RHB Ted Emmerich 0-0: Ball
1-0: Ball
2-0: Ball
3-0: Base on Balls
Pinch Hitting: LHB Kevin Rolison 0-0: Foul Ball, location: 2F
0-1: Ball
1-1: Called Strike
1-2: Foul Ball, location: 2F
1-2: Foul Ball, location: 2F
1-2: Ball
2-2: Strikes out looking
Bottom of the 4th over - 0 runs, 2 hits, 0 errors, 3 left on base; Delmarva 0 - Greenville 0
TOP OF THE 5TH
Delmarva Shorebirds batting - Pitching for Greenville Drive : RHP Cody Humphries
Now at 2B: Carlos Guerra
Now in LF: Kevin Rolison
Batting: RHB Wes Reynolds 0-0: Fly out, F4 (Flyball, 34D, EV 88.8 MPH)
Batting: RHB Mike Pitts 0-0: Ground out 4-3 (Groundball, 4, EV 103.8 MPH)
Batting: RHB Tony Godley 0-0: Foul Ball, location: 2F
0-1: SINGLE (Line Drive, 8LS, EV 106.2 MPH)
Batting: RHB Josh Hopp 0-0: Ball
1-0: SINGLE (Line Drive, 6MD, EV 105.0 MPH)
Tony Godley to second
Batting: RHB Maup Gommers 0-0: Ball
1-0: Ground out 4-3 (Groundball, 34, EV 110.0 MPH)
Top of the 5th over - 0 runs, 2 hits, 0 errors, 2 left on base; Delmarva 0 - Greenville 0
BOTTOM OF THE 5TH
Greenville Drive batting - Pitching for Delmarva Shorebirds : RHP Jonathan Spicer
Batting: RHB Tony Nunez 0-0: Foul Ball, location: 2F
0-1: Swinging Strike
0-2: Ball
1-2: Strikes out swinging
Batting: RHB Jim Hubbard 0-0: SINGLE (Line Drive, 4M, EV 96.9 MPH)
Batting: LHB Carlos Guerra 0-0: Called Strike
Jim Hubbard steals 2nd base (no throw)
0-1: Ball
1-1: Called Strike
1-2: Strikes out swinging
Pitching: RHP Craig Potter
Batting: LHB Danny Montoya 0-0: Ball
1-0: Called Strike
1-1: Ball
2-1: SINGLE (Groundball, 13S, EV 67.5 MPH) (infield hit)
Jim Hubbard to third
Batting: SHB Robert Soto 0-0: Ball
1-0: Swinging Strike
1-1: Foul Ball, location: 2F
1-2: Ball
2-2: Ground out U3 (Groundball, 3L, EV 101.9 MPH)
Bottom of the 5th over - 0 runs, 2 hits, 0 errors, 2 left on base; Delmarva 0 - Greenville 0
TOP OF THE 6TH
Delmarva Shorebirds batting - Pitching for Greenville Drive : RHP Cody Humphries
Batting: RHB Daniel Jackson 0-0: Ball
1-0: SINGLE (Groundball, 5S, EV 70.0 MPH) (infield hit)
Batting: RHB Ken Manser 0-0: Called Strike
0-1: Called Strike
0-2: 2-RUN HOME RUN (Flyball, 7D, EV 106.2 MPH), Distance : 393 ft
Batting: RHB Luke Vaccarino 0-0: Foul Ball, location: 2F
0-1: SINGLE (Line Drive, 3D, EV 96.2 MPH)
Batting: RHB Ethan Finke 0-0: Called Strike
0-1: Ball
1-1: Grounds into double play, 4-6-3 (Groundball, 34, EV 103.1 MPH)
Batting: RHB Wes Reynolds 0-0: Called Strike
0-1: Ball
1-1: Called Strike
1-2: Foul Ball, location: 2F
1-2: Foul Ball, location: 2F
1-2: Strikes out swinging, 2-3 out at first.
Top of the 6th over - 2 runs, 3 hits, 0 errors, 0 left on base; Delmarva 2 - Greenville 0
BOTTOM OF THE 6TH
Greenville Drive batting - Pitching for Delmarva Shorebirds : RHP Craig Potter
Batting: RHB Alex Cardenas 0-0: Swinging Strike
0-1: Ball
1-1: Foul Ball, location: 2F
1-2: Strikes out looking
Batting: LHB John Buff 0-0: Ball
1-0: Ball
2-0: Ball
3-0: Called Strike
3-1: Foul Ball, location: 2F
3-2: Foul Ball, location: 2F
3-2: Base on Balls
Batting: RHB Ted Emmerich 0-0: Ball
1-0: Called Strike
1-1: Ball
John Buff steals 2nd base
2-1: Called Strike
2-2: Foul Ball, location: 2F
2-2: Ball
3-2: Fly out, F4 (Popup, 4MD, EV 67.5 MPH)
Batting: LHB Kevin Rolison 0-0: Ball
1-0: Called Strike
1-1: Swinging Strike
1-2: Foul Ball, location: 2F
1-2: Ball
2-2: Strikes out swinging
Bottom of the 6th over - 0 runs, 0 hits, 0 errors, 1 left on base; Delmarva 2 - Greenville 0
TOP OF THE 7TH
Delmarva Shorebirds batting - Pitching for Greenville Drive : RHP Cody Humphries
Batting: RHB Mike Pitts 0-0: Ball
1-0: Ball
2-0: Called Strike
2-1: Ball
3-1: Called Strike
3-2: Strikes out looking
Pitching: LHP Josh Turner
Batting: RHB Tony Godley 0-0: Ball
1-0: Ball
2-0: Called Strike
2-1: Foul Ball, location: 2F
2-2: SINGLE (Flyball, 34D, EV 85.6 MPH)
Batting: RHB Josh Hopp 0-0: Ball
1-0: Called Strike
1-1: Swinging Strike
1-2: Strikes out swinging
Batting: RHB Maup Gommers 0-0: Called Strike
0-1: Fly out, F8 (Flyball, 89S, EV 71.9 MPH)
Top of the 7th over - 0 runs, 1 hit, 0 errors, 1 left on base; Delmarva 2 - Greenville 0
BOTTOM OF THE 7TH
Greenville Drive batting - Pitching for Delmarva Shorebirds : RHP Craig Potter
Pitching: RHP Jon Grason
Batting: RHB Tony Nunez 0-0: Called Strike
0-1: Ball
1-1: Swinging Strike
1-2: Strikes out swinging
Batting: RHB Jim Hubbard 0-0: Ball
1-0: Swinging Strike
1-1: Ball
2-1: Ball
3-1: Swinging Strike
3-2: Strikes out swinging
Batting: LHB Carlos Guerra 0-0: Called Strike
0-1: Ball
1-1: Ball
2-1: Called Strike
2-2: Foul Ball, location: 2F
2-2: Ball
3-2: Base on Balls
Batting: LHB Danny Montoya 0-0: Ball
1-0: Called Strike
Carlos Guerra is caught stealing 2nd base 2-6
Bottom of the 7th over - 0 runs, 0 hits, 0 errors, 0 left on base; Delmarva 2 - Greenville 0
TOP OF THE 8TH
Delmarva Shorebirds batting - Pitching for Greenville Drive : LHP Josh Turner
Batting: RHB Daniel Jackson 0-0: Ball
1-0: DOUBLE (Flyball, 78XD, EV 105.6 MPH)
Batting: RHB Ken Manser 0-0: Ball
1-0: Called Strike
1-1: Swinging Strike
1-2: Ball
2-2: SINGLE (Line Drive, 9S, EV 103.8 MPH)
Daniel Jackson to third
Batting: RHB Luke Vaccarino 0-0: Foul Ball, location: 2F
0-1: Called Strike
Ken Manser is caught stealing 2nd base 2-4
0-2: Foul Ball, location: 2F
0-2: Ball
1-2: Ball
2-2: Strikes out swinging
Batting: RHB Ethan Finke 0-0: Ball
1-0: Called Strike
1-1: Ball
2-1: Ground out 6-3 (Groundball, 6, EV 85.0 MPH)
Top of the 8th over - 0 runs, 2 hits, 0 errors, 1 left on base; Delmarva 2 - Greenville 0
BOTTOM OF THE 8TH
Greenville Drive batting - Pitching for Delmarva Shorebirds : RHP Jon Grason
Pitching: RHP Manny Rolfe
Batting: LHB Danny Montoya 0-0: Ball
1-0: Ball
2-0: Foul Ball, location: 2F
2-1: Ball
3-1: Called Strike
3-2: DOUBLE (Line Drive, 89M, EV 105.0 MPH)
Batting: SHB Robert Soto 0-0: Called Strike
0-1: Called Strike
0-2: Ball
1-2: Ball
2-2: Foul Ball, location: 2F
2-2: Foul Ball, location: 2F
2-2: Strikes out swinging
Batting: RHB Alex Cardenas 0-0: Ball
1-0: Ground out 5-3 (Groundball, 56S, EV 86.2 MPH)
Batting: LHB John Buff 0-0: Called Strike
0-1: Ball
1-1: Swinging Strike
1-2: Foul Ball, location: 2F
1-2: Strikes out swinging
Bottom of the 8th over - 0 runs, 1 hit, 0 errors, 1 left on base; Delmarva 2 - Greenville 0
TOP OF THE 9TH
Delmarva Shorebirds batting - Pitching for Greenville Drive : LHP Josh Turner
Pitching: RHP Paul Carter
Batting: RHB Wes Reynolds 0-0: Foul Ball, location: 2F
0-1: Foul Ball, location: 2F
0-2: Ball
1-2: Ball
2-2: Foul Ball, location: 2F
2-2: Ball
3-2: Base on Balls
Batting: RHB Mike Pitts 0-0: Foul Ball, location: 2F
0-1: Ball
1-1: Foul Ball, location: 2F
1-2: Foul Ball, location: 2F
1-2: Strikes out swinging
Batting: RHB Tony Godley 0-0: Ball
1-0: Called Strike
Wes Reynolds steals 2nd base
1-1: Swinging Strike
1-2: Strikes out swinging
Batting: RHB Josh Hopp 0-0: Swinging Strike
0-1: Ball
1-1: Swinging Strike
1-2: Strikes out looking
Top of the 9th over - 0 runs, 0 hits, 0 errors, 1 left on base; Delmarva 2 - Greenville 0
BOTTOM OF THE 9TH
Greenville Drive batting - Pitching for Delmarva Shorebirds : RHP Manny Rolfe
Batting: RHB Ted Emmerich 0-0: Ball
1-0: Called Strike
1-1: Ground out 5-3 (Groundball, 56, EV 102.5 MPH)
Batting: LHB Kevin Rolison 0-0: Called Strike
0-1: Called Strike
0-2: DOUBLE (Line Drive, 9LM, EV 93.1 MPH) - OUT at third base trying to stretch hit.
Batting: RHB Tony Nunez 0-0: Ball
1-0: Ball
2-0: Ground out 6-3 (Groundball, 6, EV 100.0 MPH)
Bottom of the 9th over - 0 runs, 1 hit, 0 errors, 0 left on base; Delmarva 2 - Greenville 0
Tuesday, March 28th , 2023 - OOTP Baseball 23.10 Build 110